 Dungeon Crawl Stone Soup version 0.27-a0-1500-g450c7e4133 (console) character file.

Game seed: 8204940041340672726

15612 jejorda2 the Impaler (level 12, -6/89 HPs)
             Began as a Merfolk Berserker on July 7, 2021.
             Was a High Priest of Trog.
             Engulfed by a cloud of freezing vapour (18 damage)
             ... in an ice cave.
             The game lasted 00:26:28 (13753 turns).

jejorda2 the Impaler (Merfolk Berserker)           Turns: 13753, Time: 00:26:29

Health: -6/89      AC: 22    Str: 23    XL:     12   Next: 28%
Magic:  4/4        EV:  9    Int:  9    God:    Trog [*****.]
Gold:   402        SH:  0    Dex: 13    Spells: 11/11 levels left

rFire    . . .     SeeInvis .   a - +4 glaive (antimagic)
rCold    + . .     Faith    .   (shield currently unavailable)
rNeg     . . .     Spirit   .   m - +1 plate armour {rC+}
rPois    .         Reflect  .   c - +1 helmet {Int+3}
rElec    .         Harm     .   w - +2 cloak
rCorr    .         Rampage  .   (no gloves)
Will     ++...                  e - +0 pair of boots
Stlth    ..........             (no amulet)
HPRegen  1.24/turn              (no ring)
MPRegen  0.09/turn              (no ring)

@: strong-willed, on berserk cooldown, regenerating, slowed, studying Armour,
very slow
A: (nimble swimmer 2), mertail
a: Renounce Religion, Berserk, Trog's Hand, Brothers in Arms


You were in an ice cave.
You worshipped Trog.
Trog was extremely pleased with you.
You visited 2 branches of the dungeon, and saw 12 of its levels.
You also visited: Ice Cave.

You collected 552 gold pieces.
You spent 150 gold pieces at shops.

Inventory:

Hand Weapons
 a - a +4 antimagic glaive (weapon)
 b - a +1 trident
 s - the +7 short sword "Zaprin" {flame, Fly rPois Dex-5}
   (You found it on level 5 of the Dungeon)

   It has been specially enchanted to burn those struck by it, causing extra
   injury to most foes and up to half again as much damage against particularly
   susceptible opponents.
   Dex:       It affects your dexterity (-5).
   rPois:     It protects you from poison.
   Fly:       It grants you flight.
 u - a +0 glaive
 z - the +11 halberd of Entrepreneurial Spirit {vorpal, Str+4}
   (Trog gifted it to you in an ice cave)

   It inflicts extra damage upon your enemies.
   Str:       It affects your strength (+4).
Missiles
 f - 4 throwing nets
 n - 64 poisoned darts (quivered)
 t - 2 boomerangs
 A - 5 javelins
Armour
 c - a +1 helmet of intelligence (worn)
 e - a +0 pair of boots (worn)
 m - a +1 plate armour of cold resistance (worn)
 w - a +2 cloak (worn)
 y - a +1 tower shield of cold resistance
Wands
 i - a wand of flame (15)
 l - a wand of acid (8)
 v - a wand of iceblast (16)
 B - a wand of charming (10)
 E - a wand of paralysis (9)
Scrolls
 d - 2 scrolls of enchant weapon
 j - 3 scrolls of fog
 D - a scroll of teleportation
Potions
 h - a potion of mutation {unknown}
 k - 3 potions of flight {unknown}
 o - a potion of berserk rage {unknown}
 p - a potion of cancellation
 q - a potion of attraction
 r - 4 potions of curing
 x - a potion of resistance {unknown}
 C - 2 potions of haste {unknown}


   Skills:
 + Level 6.3 Fighting
 - Level 20.0 Polearms
 + Level 10.1 Armour
 - Level 6.0 Dodging


You had 11 spell levels left.
You didn't know any spells.
Your spell library was empty.

Dungeon Overview and Level Annotations

Branches:
Dungeon (11/15)            Temple (1/1) D:7            Lair (0/6) D:8
  IceCv (1/1)
    Orc: D:9-12

Altars:
Fedhas
Kikubaaqudgha
Qazlal
Ru
Wu Jian

Shops:
D:7 *


Innate Abilities, Weirdness & Mutations

((You are quick and stealthy near water. (Stealth+, EV+, Speed+++)))
Your lower body shifts to a powerful aquatic tail in water.


Message History

Reach: a) +4 glaive (antimagic)
Press: ? - help, Dir - move target, f - polar bear simulacrum
Aim: a polar bear simulacrum (about 11% to evade your +4 antimagic glaive)
You reach to attack!
You slash the polar bear simulacrum!
The polar bear simulacrum is heavily damaged.
A white imp comes into view.
You slash the dire elephant simulacrum!
The dire elephant simulacrum is moderately damaged.
You slice the dire elephant simulacrum!!
The dire elephant simulacrum is heavily damaged.
The dire elephant simulacrum tramples you!!
* * * LOW HITPOINT WARNING * * *
The dire elephant simulacrum freezes you!!
You resist.
* * * LOW HITPOINT WARNING * * *
The dire elephant simulacrum trunk-slaps you but does no damage.
You slice the dire elephant simulacrum!!
The dire elephant simulacrum vapourises!
Trog accepts your kill.
Reach: a) +4 glaive (antimagic)
Press: ? - help, Dir - move target, f - troll simulacrum
Aim: a troll simulacrum (about 17% to evade your +4 antimagic glaive)
You reach to attack!
You slice the troll simulacrum!!
You feel the power of Trog in you as your rage grows.
The troll simulacrum vapourises!
Trog accepts your kill.
You feel a strong urge to attack something.
Okay, then.
Unknown command.
You are no longer berserk.
You are exhausted.
You feel as though you will be slow longer.
Your ogre goes berserk!
You feel the effects of Trog's Hand fading.
You swap places.
Your ogre rages.
Your skin crawls.
You feel strong-willed.
You are engulfed in freezing vapours.
You resist.
You die...

#### ## ##§☼##
#.##
#☼@§O###.Z.# #
§#§###5#ZnZ.#$|
.##§§§
##.#5ZZ...#
##..§§###.#Z°#
##..##. #.##.##
#...###
##.#####
#.⌠..##
##.#..##
##.....#
#......#
#...#..##
#...##.##


You could see a white imp (ally target) and a friendly ogre (summoned, berserk).

Vanquished Creatures
  An ice dragon (D:11)
  2 bog bodies (IceCv)
  An ugly thing (D:10)
  Joseph (D:7)
  Maurice (D:9)
  An ice statue (IceCv)
  2 unseen horrors
  A kobold demonologist (D:10)
  An ice devil (IceCv)
  2 anaconda simulacra (IceCv)
  A rime drake (D:11)
  A troll (D:8)
  A polar bear (D:11)
  Prince Ribbit (D:6)
  Sigmund (D:2)
  3 wyverns
  A wraith (D:10)
  2 dire elephant simulacra (IceCv)
  14 yaks
  A death yak simulacrum (IceCv)
  A steam dragon (D:7)
  Menkaure (D:7)
  A harpy simulacrum (IceCv)
  2 water moccasins
  3 orc warriors
  An ice beast (D:6)
  2 black bears
  4 ogres
  5 wolves
  2 centaurs
  2 necrophages
  3 bullfrogs
  2 gnoll sergeants (D:8)
  6 scorpions
  A water moccasin zombie (D:6)
  3 cane toad simulacra (IceCv)
  6 two-headed ogre simulacra (IceCv)
  18 killer bees
  An elephant simulacrum (IceCv)
  4 centaur zombies
  9 hounds
  2 jellies
  Crazy Yiuf (D:6)
  2 bullfrog skeletons
  3 orc priests
  3 gnoll shamans
  2 iguanas
  7 orc wizards
  2 polar bear simulacra (IceCv)
  8 spriggan simulacra (IceCv)
  2 troll simulacra (IceCv)
  A wolf simulacrum (IceCv)
  A hound skeleton (D:4)
  Robin (D:3)
  2 howler monkey zombies (D:8)
  24 gnolls
  6 adders
  4 naga simulacra (IceCv)
  7 white imps
  7 ufetubi
  An adder skeleton (D:4)
  4 worms
  3 dart slugs
  36 orcs
  8 endoplasms
  4 giant cockroaches
  14 goblins
  9 hobgoblins
  14 jackals
  7 kobolds
  2 quokkas
  3 ball pythons
  8 bats
  A frilled lizard (D:3)
  7 rats
322 creatures vanquished.

Vanquished Creatures (others)
  An orc (D:10)
  5 plants (D:4)
6 creatures vanquished.

Grand Total: 328 creatures vanquished

Notes
Turn   | Place    | Note
-------+----------+-------------------------------------------
     0 | D:1      | jejorda2 the Merfolk Berserker began the quest for the Orb.
     0 | D:1      | Reached XP level 1. HP: 18/18 MP: 1/1
   138 | D:1      | Reached XP level 2. HP: 20/24 MP: 2/2
   225 | D:1      | Reached skill level 5 in Polearms
   390 | D:1      | Reached XP level 3. HP: 29/29 MP: 3/3
   768 | D:1      | Reached ** piety under Trog
   843 | D:1      | Found a faded altar of an unknown god.
   924 | D:1      | Noticed a floating eye
   929 | D:1      | Noticed a shining eye
   933 | D:1      | Noticed a floating eye
   938 | D:1      | Noticed a floating eye
  1280 | D:2      | Noticed Sigmund
  1290 | D:2      | Killed Sigmund
  1291 | D:2      | Reached skill level 7 in Polearms
  1291 | D:2      | Reached XP level 4. HP: 38/38 MP: 4/4
  1291 | D:2      | Reached XP level 5. HP: 43/43 MP: 5/5
  1657 | D:3      | Reached XP level 6. HP: 39/49 MP: 6/6
  1787 | D:3      | Noticed a necrophage
  1802 | D:3      | Killed a necrophage
  2097 | D:3      | Noticed Robin
  2124 | D:3      | Killed Robin
  2124 | D:3      | Reached *** piety under Trog
  2125 | D:3      | Reached skill level 8 in Polearms
  2587 | D:3      | Reached skill level 5 in Fighting
  2851 | D:4      | Noticed a black bear
  2857 | D:4      | Killed a black bear
  2858 | D:4      | Reached XP level 7. HP: 56/56 MP: 7/7
  3138 | D:4      | Reached skill level 9 in Polearms
  3247 | D:5      | Entered Level 5 of the Dungeon
  3927 | D:4      | Reached XP level 8. HP: 64/64 MP: 8/8
  4308 | D:5      | Reached **** piety under Trog
  4329 | D:5      | Reached skill level 10 in Polearms
  4783 | D:5      | Reached skill level 11 in Polearms
  4838 | D:5      | Identified the +7 short sword "Zaprin" {flame, Fly rPois
                  | Dex-5}
  5178 | D:6      | Reached skill level 12 in Polearms
  5299 | D:6      | Reached XP level 9. HP: 57/69 MP: 9/9
  5622 | D:6      | Noticed Prince Ribbit
  5630 | D:6      | Killed Prince Ribbit
  5686 | D:6      | Reached skill level 13 in Polearms
  5686 | D:6      | Reached skill level 5 in Armour
  6068 | D:6      | Found a runed translucent door.
  6069 | D:6      | Noticed Crazy Yiuf
  6078 | D:6      | Killed Crazy Yiuf
  6355 | D:7      | Found a staircase to the Ecumenical Temple.
  6361 | Temple   | Entered the Ecumenical Temple
  6676 | D:7      | Found Qausuit's Assorted Antiques.
  6681 | D:7      | Bought a runed helmet for 150 gold pieces
  6819 | D:7      | Found an ornate altar of the Wu Jian Council.
  6916 | D:7      | Reached skill level 14 in Polearms
  6939 | D:7      | Killed an unseen horror
  7335 | D:7      | Noticed Joseph
  7349 | D:7      | Killed Joseph
  7350 | D:7      | Reached skill level 15 in Polearms
  7350 | D:7      | Reached XP level 10. HP: 51/76 MP: 10/10
  7873 | D:7      | Noticed Menkaure
  7886 | D:7      | Killed Menkaure
  8640 | D:8      | Reached skill level 16 in Polearms
  8663 | D:8      | Reached ***** piety under Trog
  9000 | D:8      | Found a staircase to the Lair.
  9053 | D:8      | Reached skill level 17 in Polearms
  9293 | D:8      | Reached skill level 18 in Polearms
  9732 | D:9      | Received a gift from Trog
  9750 | D:9      | Reached XP level 11. HP: 62/81 MP: 11/11
  9825 | D:9      | Noticed Maurice
 10376 | D:9      | Killed Maurice
 11078 | D:10     | Entered Level 10 of the Dungeon
 11079 | D:10     | Identified a scroll of acquirement
 11079 | D:10     | Acquired a manual of Armour
 11136 | D:10     | Noticed a white ugly thing
 11152 | D:10     | Killed a white ugly thing
 11153 | D:10     | Reached skill level 19 in Polearms
 12478 | D:11     | Found a frozen archway.
 12479 | D:11     | Noticed an ice dragon
 12496 | D:11     | Reached skill level 20 in Polearms
 12508 | D:11     | Killed an ice dragon
 12539 | IceCv    | Entered an ice cave
 12925 | IceCv    | Reached XP level 12. HP: 88/88 MP: 4/12
 13423 | IceCv    | Identified the +11 halberd of Entrepreneurial Spirit
                  | {vorpal, Str+4} (Trog gifted it to you in an ice cave)
 13423 | IceCv    | Received a gift from Trog
 13665 | IceCv    | Reached skill level 5 in Dodging
 13738 | IceCv    | Reached skill level 10 in Armour
 13753 | IceCv    | Engulfed by a cloud of freezing vapour

Illustrated notes

Levels and vault maps discovered:
D:1:      onia_arrival_pyramid, layout_loops_ring,
          hellmonk_ecumenical_altar_watching_god, st_stairs_5
D:2:      layout_rooms, uniq_sigmund
D:3:      minmay_chambers_of_threes, layout_loops_ring, dk_vineyard_3,
          minmay_misc_feat_iff, uniq_robin
D:4:      layout_basic, serial_glass, glass_columns_a, glass_columns_b,
          minmay_door_square, serial_bayou_ford_a, kennysheep_generic_room_3
D:5:      layout_cave_pools
D:6:      layout_basic, lightli_orcish_oven, uniq_crazy_yiuf_cottage,
          uniq_prince_ribbit1
D:7:      layout_layer_cave, mainiacjoe_overflow_alcove_4,
          minmay_temple_entry_hall, enter_ossuary_1, serial_shops,
          kennysheep_little_box, uniq_joseph, uniq_menkaure
D:8:      layout_loops_ring, erik_lair_island, minmay_crossroads
D:9:      layout_loops_ring, serial_aquarium, aquarium_bridge_long_joined
          [aquarium_subvault_wall, aquarium_subvault_wall,
          aquarium_subvault_bridge, aquarium_subvault_bridge,
          aquarium_subvault_wall, aquarium_subvault_bridge],
          aquarium_bridge_straight [aquarium_subvault_bridge,
          aquarium_subvault_wall, aquarium_subvault_bridge,
          aquarium_subvault_wall], aquarium_window_corridor_3,
          aquarium_window_fake, aquarium_window_corner, aquarium_window_1,
          aquarium_view_2c, aquarium_view_2d, aquarium_balcony_3b,
          aquarium_pool_double, uniq_maurice
D:10:     layout_loops_ring
D:11:     layout_irregular_city, orc_0_dummy,
          portal_ice_cave_entry_animals_and_master, fedhas_ov_isle_minmay
Temple:   nicolae_temple_the_god_donut
IceCv:    ice_cave_caverns_01

Skill      XL: |  1  2  3  4  5  6  7  8  9 10 11 12 |
---------------+-------------------------------------+-----
Polearms       | 5 7 8 9 12 15 18 20 | 20.0
Fighting       | 4 5 6 |  6.3
Armour         | 2 3 4 6 9 10 | 10.1
Dodging        | 3 6 |  6.0

Action                   |  1- 3 |  4- 6 |  7- 9 | 10-12 || total
-------------------------+-------+-------+-------+-------++-------
Melee: Spear             |   153 |   114 |       |       ||   267
       Trident           |       |    35 |    79 |       ||   114
       Halberd           |       |       |   241 |   334 ||   575
       Glaive            |       |       |       |   239 ||   239
Throw: Dart              |       |       |     4 |       ||     4
Invok: Berserk           |     2 |     3 |    12 |     9 ||    26
       Trog's Hand       |     1 |       |     3 |     5 ||     9
       Brothers in Arms  |       |       |       |     1 ||     1
  Use: Scroll            |       |     5 |     6 |     4 ||    15
       Potion            |       |       |       |     2 ||     2
Armor: Leather armour    |    40 |     5 |       |       ||    45
       Chain mail        |       |    12 |   123 |    35 ||   170
       Scale mail        |       |     9 |       |       ||     9
       Ring mail         |       |     3 |       |       ||     3
       Plate armour      |       |       |       |   213 ||   213
Dodge: Dodged            |    70 |    42 |    81 |   127 ||   320

Table legend: (Time is in decaauts)
 A = Elapsed time spent in this place.
 B = Non-inter-level travel time spent in this place.
 C = Inter-level travel time spent in this place.
 D = Time resting spent in this place.
 E = Time spent auto-exploring this place.
 F = Levels seen in this place.
 G = Mean time per level.
                   A        B        C        D        E       F      G
               +--------+--------+--------+--------+--------+-----+--------+
         Total |  13687 |  13196 |    491 |   2426 |   8509 |  13 | 1052.8 |
       Dungeon |  12209 |  11718 |    491 |   1421 |   8242 |  11 | 1109.9 |
        Temple |    306 |    306 |      0 |    304 |      0 |   1 |  306.0 |
      Ice Cave |   1171 |   1171 |      0 |    700 |    267 |   1 | 1171.0 |
               +--------+--------+--------+--------+--------+-----+--------+

Top non-repeatable levels by time:
     D:7: 1884 daAuts
     D:9: 1677 daAuts
     D:4: 1500 daAuts
     D:6: 1198 daAuts
     D:3: 1190 daAuts
   IceCv: 1171 daAuts
     D:8: 1122 daAuts
     D:1: 1063 daAuts
    D:10: 987 daAuts
     D:5: 875 daAuts
     D:2: 525 daAuts
  Temple: 306 daAuts
    D:11: 183 daAuts
